 Dungeon Crawl Stone Soup version 0.29.1-15-g9cfb28693d (webtiles) character file.

Game seed: 8176278679907998539

455 IndexError the Insei (level 7, -2/52 HPs)
             Began as a Gnoll Transmuter on Mar 7, 2023.
             Slain by a gnoll
             ... wielding a +0 spear
              (7 damage)
             ... on level 5 of the Dungeon.
             The game lasted 00:10:20 (4525 turns).

IndexError the Insei (Gnoll Transmuter)             Turns: 4525, Time: 00:10:21

Health: -2/52      AC:  2    Str:  9    XL:     7   Next: 5%
Magic:  10/15      EV: 22    Int: 14    God:
Gold:   116        SH:  0    Dex: 18    Spells: 11/17 levels left

rFire   . . .      SeeInvis .     - Unarmed
rCold   . . .      Faith    .   (shield currently unavailable)
rNeg    . . .      Spirit   .   (body armour currently unavailable)
rPois   x          Reflect  .   (helmet currently unavailable)
rElec   .          Harm     .   (cloak currently unavailable)
rCorr   .          Rampage  .   (gloves currently unavailable)
Will    .....                   (boots currently unavailable)
Stlth   ++........              (no amulet)
HPRegen 0.17/turn               (no ring)
MPRegen 0.14/turn               (no ring)

@: spider-form
A: venomous fangs, tiny, (fangs 1), strong nose, distributed training
a: End Transformation


You were on level 5 of the Dungeon.
You were a venomous arachnid creature.
You visited 1 branch of the dungeon, and saw 5 of its levels.

You collected 116 gold pieces.

Inventory:

Missiles
 h - a throwing net {=f, !d}
Armour
 a - a +0 robe (melded)
 c - a +0 cloak (melded)
   (You found it on level 4 of the Dungeon)
 r - a +1 pair of boots (melded)
   (You found it on level 4 of the Dungeon)
Scrolls
 e - 3 scrolls of teleportation
 g - a scroll of amnesia
 k - a scroll of silence {unknown}
Potions
 b - 2 potions of lignification {!q}
 d - 3 potions of flight {unknown}
 f - 3 potions of haste {unknown}
 i - a potion of degeneration {unknown}
 j - a potion of magic
 l - 2 potions of heal wounds
 m - a potion of cancellation
 n - a potion of invisibility
 o - a potion of curing
 p - a potion of berserk rage {!q}
 q - a potion of brilliance


   Skills:
 + Level 3.5 Fighting
 + Level 2.3 Short Blades
 + Level 2.3 Long Blades
 + Level 2.3 Axes
 + Level 2.3 Maces & Flails
 + Level 2.3 Polearms
 + Level 2.3 Staves
 + Level 2.3 Ranged Weapons
 + Level 2.3 Throwing
 + Level 2.3 Armour
 + Level 5.1 Dodging
 + Level 2.3 Stealth
 + Level 2.3 Shields
 + Level 7.0 Unarmed Combat
 + Level 5.5 Spellcasting
 + Level 1.9 Conjurations
 + Level 1.9 Hexes
 + Level 1.9 Summonings
 + Level 1.9 Necromancy
 + Level 1.9 Translocations
 + Level 4.2 Transmutations
 + Level 1.9 Fire Magic
 + Level 1.9 Ice Magic
 + Level 1.9 Air Magic
 + Level 1.9 Earth Magic
 + Level 1.9 Poison Magic
 + Level 2.5 Invocations
 + Level 2.3 Evocations


You had 11 spell levels left.
You knew the following spells:

 Your Spells              Type           Power      Damage    Failure   Level
a - Beastly Appendage     Tmut           30%        N/A       10%         1
b - Wereblood             Tmut           15%        N/A       13%         2
c - Spider Form           Tmut/Pois      12%        N/A       32%         3

Your spell library contained the following spells:

 Spells                   Type           Power      Damage    Failure   Level
 Static Discharge         Conj/Air       9%         3-5/arc   28%         2
 Ice Form                 Ice/Tmut       12%        N/A       65%         4
 Dispel Undead            Necr           9%         3d8       78%         4
 Sticky Flame             Conj/Fire      9%         2d3       78%         4
 Blade Hands              Tmut           7%         N/A       80%         5
 Irradiate                Conj/Tmut      6%         3d13      91%         5
 Dragon Form              Tmut           7%         N/A       100%        7


Dungeon Overview and Level Annotations

Branches:
Dungeon (5/15)
 Temple: D:4-7

Altars:
Nemelex Xobeh

Shops:
D:2 :!(   D:4 :[![

Annotations:
D:3 1 transporter
D:5 exclusion: black bear


Innate Abilities, Weirdness & Mutations

You are a venomous arachnid creature.
You have poisonous fangs.
You are tiny and dextrous.
Your spellcasting is less reliable in this form.
Your armour is entirely melded.
You are incapable of wielding weapons or throwing items.
((You have very sharp teeth.))
Your uncanny sense of smell can sniff out nearby items.
Your experience applies equally to all skills.


Message History

You hit the gnoll sergeant.
The gnoll sergeant looks as sick as possible!
Your transformation has ended.
Your +0 cloak unmelds from your body.
Your +1 pair of boots unmelds from your body.
Your +0 robe unmelds from your body.
The gnoll sergeant closely misses you.
You hit the gnoll sergeant.
Items here: ) [[ †.
You open the door.
There is an open door here.
Found an escape hatch in the floor.
Health restored: 47; MP restored: 14 A gnoll comes into view.
It is wielding a +0 halberd.
A gnoll comes into view. It is wielding a +0 flail.
There is an open door here.
Casting: Spider Form (dangerous; 16% risk of failure)
Confirm with . or Enter, or press ? or * to list all spells.
Your blood is infused with primal strength.
You now have 12/14 mp.
Casting: Wereblood (safe; 4% risk of failure)
Confirm with . or Enter, or press ? or * to list all spells.
You turn into a venomous arachnid creature.
Your +0 cloak melds into your body.
Your +1 pair of boots melds into your body.
Your +0 robe melds into your body.
The gnoll misses you.
You now have 9/14 mp.
The gnoll misses you.
You bite the gnoll! The gnoll misses you.
You hit the gnoll.
The gnoll is poisoned.
You hit the gnoll.
The gnoll looks as sick as possible!
You hit the gnoll.
The gnoll is poisoned.
The gnoll barely misses you.
You hit the gnoll.
The gnoll looks as sick as possible!
No target in view!
Things that are here:
a +0 flail; a +0 halberd The centaur shouts!
The centaur shoots an arrow.
The arrow hits you!
A gnoll comes into view. It is wielding a +0 spear.
There is an open door here.
You take 13 damage, and have 34/47 hp.
MASSIVE DAMAGE!!
A gnoll comes into view. It is wielding a +0 spear.
The gnoll shouts!
The centaur shoots an arrow.
The arrow completely misses you.
There is an open door here.
Your transformation is almost over.
You hiss as the wereblood boils in your veins!
Things that are here:
a +0 flail; a +0 halberd Your primal bloodlust is almost over.
You hiss as the wereblood boils in your veins!
The gnoll hits you with a +0 spear!
The gnoll hits you from afar with a +0 spear.
You take 11 damage, and have 25/47 hp.
MASSIVE DAMAGE!!
You hit the gnoll.
The gnoll is poisoned.
The gnoll hits you with a +0 spear! The gnoll closely misses you.
You take 7 damage, and have 18/47 hp.
You bite the gnoll!
You feel a bit better. The gnoll misses you.
You barely miss the centaur.
Your transformation has ended.
Your +0 cloak unmelds from your body.
Your +1 pair of boots unmelds from your body.
Your +0 robe unmelds from your body.
The centaur unwields a +0 shortbow.
The centaur hits you but does no damage.
The centaur misses you. The gnoll barely misses you.
You hit the centaur. You bite the centaur.
Your primal bloodlust has ended.
The centaur hits you. The centaur barely misses you.
The centaur hits you but does no damage.
The centaur barely misses you.
The gnoll hits you from afar with a +0 spear.
* * * LOW HITPOINT WARNING * * *
You take 5 damage, and have 14/47 hp.
You hit the centaur.
You punch the centaur, but do no damage.
The centaur hits you but does no damage.
The centaur misses you. The gnoll completely misses you.
You hit the centaur. The centaur barely misses you.
The centaur completely misses you.
Casting: Spider Form (dangerous; 14% risk of failure)
Confirm with . or Enter, or press ? or * to list all spells.
You turn into a venomous arachnid creature.
Your +0 cloak melds into your body.
Your +1 pair of boots melds into your body.
Your +0 robe melds into your body.
The centaur closely misses you. x2
The gnoll misses you. The centaur hits you.
* * * LOW HITPOINT WARNING * * *
The centaur misses you.
You take 2 damage, and have 12/47 hp.
You now have 10/14 mp.
You hit the centaur.
The gnoll hits you from afar with a +0 spear.
* * * LOW HITPOINT WARNING * * *
Your Unarmed Combat skill increases to level 7!
You have reached level 7!
You take 2 damage, and have 10/52 hp.
The gnoll hits you with a +0 spear.
* * * LOW HITPOINT WARNING * * *
Items here: )))) †.
You take 6 damage, and have 4/52 hp.
You barely miss the gnoll. The gnoll hits you with a +0 spear!
You die...

... .......##.......<....
....#.......###.#........
....#....[..# #.#........
............###.#.######.
........#.....#.#..+ ##
.......g#.....#....#
........'..........#
#########g....##...#
#....s..######..#
#.#####.##### ### #
#..<....... #...#.#####
#...#.# #...#.# #...#.#
#...#.# #...#


You could see a gnoll.

Vanquished Creatures
  A centaur (D:5)
  A gnoll sergeant (D:5)
  An orc priest (D:5)
  2 iguanas
  An orc wizard (D:4)
  4 gnolls
  4 adders
  An ufetubus (D:4)
  A worm (D:2)
  4 dart slugs
  16 orcs
  8 ball pythons
  12 endoplasms
  A giant cockroach (D:4)
  6 goblins
  5 hobgoblins
  7 jackals
  9 bats
  A frilled lizard (D:2)
  7 kobolds
  9 rats
101 creatures vanquished.

Notes
Turn   | Place    | Note
-------+----------+-------------------------------------------
     0 | D:1      | IndexError the Gnoll Transmuter began the quest for the
                  | Orb.
     0 | D:1      | Reached XP level 1. HP: 17/17 MP: 6/6
   166 | D:1      | Reached XP level 2. HP: 11/23 MP: 7/7
   386 | D:1      | Learned a level 2 spell: Wereblood
   528 | D:1      | Reached skill level 5 in Spellcasting
   528 | D:1      | Reached XP level 3. HP: 28/28 MP: 7/9
   672 | D:1      | Noticed a great orb of eyes
   675 | D:1      | Found a faded altar of an unknown god.
   677 | D:1      | Noticed an eye of devastation
   677 | D:1      | Noticed a golden eye
   677 | D:1      | Noticed a great orb of eyes
  1084 | D:2      | Reached skill level 1 in Invocations
  1084 | D:2      | Found Gemaveb's Book Shoppe.
  1128 | D:2      | Reached skill level 1 in Short Blades
  1128 | D:2      | Reached skill level 1 in Long Blades
  1128 | D:2      | Reached skill level 1 in Axes
  1128 | D:2      | Reached skill level 1 in Maces & Flails
  1128 | D:2      | Reached skill level 1 in Polearms
  1128 | D:2      | Reached skill level 1 in Staves
  1128 | D:2      | Reached skill level 1 in Ranged Weapons
  1128 | D:2      | Reached skill level 1 in Throwing
  1128 | D:2      | Reached skill level 1 in Armour
  1128 | D:2      | Reached skill level 1 in Stealth
  1128 | D:2      | Reached skill level 1 in Shields
  1128 | D:2      | Reached skill level 1 in Evocations
  1481 | D:2      | You fall into a shaft and drop 1 floor!
  1538 | D:3      | Reached XP level 4. HP: 28/34 MP: 8/11
  1898 | D:3      | Reached skill level 1 in Conjurations
  1898 | D:3      | Reached skill level 1 in Hexes
  1898 | D:3      | Reached skill level 1 in Summonings
  1898 | D:3      | Reached skill level 1 in Necromancy
  1898 | D:3      | Reached skill level 1 in Translocations
  1898 | D:3      | Reached skill level 1 in Fire Magic
  1898 | D:3      | Reached skill level 1 in Ice Magic
  1898 | D:3      | Reached skill level 1 in Air Magic
  1898 | D:3      | Reached skill level 1 in Earth Magic
  1898 | D:3      | Reached skill level 1 in Poison Magic
  2062 | D:3      | Found a sparkling altar of Nemelex Xobeh.
  2062 | D:3      | Found a transporter.
  2062 | D:3      | Noticed a phantom
  2062 | D:3      | Noticed a bullfrog
  2436 | D:2      | Found Mufuckup's Weapon Shoppe.
  2677 | D:2      | Found Atej Nipp's Distillery.
  2925 | D:4      | Found Gykez's Antique Armour Boutique.
  2946 | D:4      | Learned a level 3 spell: Spider Form
  2951 | D:4      | Found Ybosm's Antique Armour Emporium.
  2969 | D:4      | Reached XP level 5. HP: 24/40 MP: 9/12
  2996 | D:4      | Reached skill level 3 in Fighting
  3001 | D:4      | Reached skill level 4 in Transmutations
  3240 | D:4      | Found Meocrig's Distillery.
  3496 | D:4      | Found Cat Goynk's Book Shoppe.
  3695 | D:4      | Reached skill level 2 in Invocations
  3885 | D:5      | Entered Level 5 of the Dungeon
  3928 | D:5      | Noticed a centaur
  3953 | D:5      | Reached XP level 6. HP: 46/47 MP: 12/14
  4136 | D:5      | Noticed a black bear
  4224 | D:5      | Reached skill level 2 in Short Blades
  4224 | D:5      | Reached skill level 2 in Long Blades
  4224 | D:5      | Reached skill level 2 in Axes
  4224 | D:5      | Reached skill level 2 in Maces & Flails
  4224 | D:5      | Reached skill level 2 in Polearms
  4224 | D:5      | Reached skill level 2 in Staves
  4224 | D:5      | Reached skill level 2 in Ranged Weapons
  4224 | D:5      | Reached skill level 2 in Throwing
  4224 | D:5      | Reached skill level 2 in Armour
  4224 | D:5      | Reached skill level 5 in Dodging
  4224 | D:5      | Reached skill level 2 in Stealth
  4224 | D:5      | Reached skill level 2 in Shields
  4224 | D:5      | Reached skill level 2 in Evocations
  4523 | D:5      | HP: 9/47 [gnoll/+0 spear (3)]
  4524 | D:5      | Reached skill level 7 in Unarmed Combat
  4524 | D:5      | Reached XP level 7. HP: 10/52 MP: 10/15
  4524 | D:5      | HP: 4/52 [gnoll/+0 spear (6)]
  4525 | D:5      | Slain by a gnoll

Illustrated notes

Levels and vault maps discovered:
D:1:      minmay_arrival_semitransparent, layout_basic,
          hellmonk_ecumenical_altar_watching_god, chequers_hall_statues_y
D:2:      layout_loops_cross, serial_shops, nicolae_shop_trees, shop_fountains,
          nicolae_shop_hallway_stairs, eino_tiny_chamber,
          small_statue_intersection
D:3:      minmay_razor_zed, layout_loops_ring, grunt_nemelex_the_gamble
D:4:      minmay_chambers_of_fours, layout_cave_pools, serial_shops,
          nicolae_shop_temple_entry_statues_fountains, shop, nicolae_shop_trees,
          shop, minivault_14
D:5:      layout_basic, serial_shops, shop, kennysheep_pointless_box,
          minmay_quadrilaterals

Skill      XL: |  1  2  3  4  5  6 |
---------------+-------------------+-----
Spellcasting   | 5 |  5.5
Invocations    | 1 2 |  2.5
Short Blades   | 1 2 |  2.3
Long Blades    | 1 2 |  2.3
Axes           | 1 2 |  2.3
Maces & Flails | 1 2 |  2.3
Polearms       | 1 2 |  2.3
Staves         | 1 2 |  2.3
Ranged Weapons | 1 2 |  2.3
Throwing       | 1 2 |  2.3
Armour         | 1 2 |  2.3
Stealth        | 1 2 |  2.3
Shields        | 1 2 |  2.3
Evocations     | 1 2 |  2.3
Conjurations   | 1 |  1.9
Hexes          | 1 |  1.9
Summonings     | 1 |  1.9
Necromancy     | 1 |  1.9
Translocations | 1 |  1.9
Fire Magic     | 1 |  1.9
Ice Magic      | 1 |  1.9
Air Magic      | 1 |  1.9
Earth Magic    | 1 |  1.9
Poison Magic   | 1 |  1.9
Fighting       | 3 |  3.5
Transmutations | 4 |  4.2
Dodging        | 5 |  5.1
Unarmed Combat | 7 |  7.0

Action                   |  1- 3 |  4- 6 |  7- 9 || total
-------------------------+-------+-------+-------++-------
Melee: Unarmed           |    88 |   181 |     1 ||   270
       Kick              |     7 |    11 |       ||    18
       Bite              |     5 |    11 |       ||    16
       Punch             |     4 |     5 |       ||     9
       Headbutt          |     4 |     9 |       ||    13
 Cast: Beastly Appendage |     7 |     7 |       ||    14
       Wereblood         |     2 |     5 |       ||     7
       Spider Form       |       |     5 |       ||     5
  Use: Scroll            |       |    14 |       ||    14
 Stab: Sleeping          |     1 |    10 |       ||    11
Armor: Robe              |    18 |    22 |       ||    40
Dodge: Dodged            |    38 |    98 |       ||   136

Table legend: (Time is in decaauts)
 A = Elapsed time spent in this place.
 B = Non-inter-level travel time spent in this place.
 C = Inter-level travel time spent in this place.
 D = Time resting spent in this place.
 E = Time spent auto-exploring this place.
 F = Levels seen in this place.
 G = Mean time per level.
                   A        B        C        D        E       F      G
               +--------+--------+--------+--------+--------+-----+--------+
         Total |   4498 |   4210 |    288 |      0 |   3438 |   5 |  899.6 |
       Dungeon |   4498 |   4210 |    288 |      0 |   3438 |   5 |  899.6 |
               +--------+--------+--------+--------+--------+-----+--------+

Top non-repeatable levels by time:
     D:4: 1080 daAuts
     D:3: 1052 daAuts
     D:1: 986 daAuts
     D:2: 787 daAuts
     D:5: 591 daAuts

Table legend:
 A = Kills in this place as a percentage of kills in entire the game.
 B = Kills by you in this place as a percentage of kills by you in the entire game.
 C = Kills by friends in this place as a percentage of kills by friends in the entire game.
 D = Other kills in this place as a percentage of other kills in the entire game.
 E = Experience gained in this place as a percentage of experience gained in the entire game.
 F = Experience gained in this place divided by the number of levels of this place that you have seen.
                   A       B       C       D       E      F
               +-------+-------+-------+-------+-------+----------------------
         Total | 100.0 | 100.0 |   N/A |   N/A | 100.0 | 130.0
       Dungeon | 100.0 | 100.0 |   N/A |   N/A | 100.0 | 130.0
               +-------+-------+-------+-------+-------+----------------------
